 Dungeon Crawl Stone Soup version 0.31-a0-1225-g50297eb6a4 (webtiles) character file.

Game seed: 5131956424771118314

11 mopl the Trooper (level 2, 20/24 HPs)
             Began as a Demonspawn Fighter on Dec 14, 2023.
             Quit the game on level 1 of the Dungeon.
             The game lasted 00:00:39 (195 turns).

mopl the Trooper (Demonspawn Fighter)                Turns: 195, Time: 00:00:40

Health: 20/24      AC:  6    Str: 16    XL:     2   Next: 17%
Magic:  2/2        EV:  9    Int:  8    God:
Gold:   11         SH:  4    Dex: 12    Spells: 1/1 levels left

rFire   . . .        a - +0 war axe
rCold   . . .        c - +0 buckler
rNeg    . . .        b - +0 scale mail
rPois   .            (no helmet)
rElec   .            (no cloak)
rCorr   .            (no gloves)
SInv    .            (no boots)
Will    .....        (no amulet) Stlth
                     (no ring)
HPRegen 0.24/turn    (no ring)
MPRegen 0.08/turn

%: no passive effects
@: no status effects
A: demonic guardian 1
a: no special abilities


You were on level 1 of the Dungeon.
You visited 1 branch of the dungeon, and saw 1 of its levels.

You collected 11 gold pieces.

Inventory:

Hand Weapons
 a - a +0 war axe (weapon)
Armour
 b - a +0 scale mail (worn)
 c - a +0 buckler (worn)
Scrolls
 e - a scroll of identify {unknown}
 f - a scroll of silence {unknown}
Potions
 d - a potion of might


   Skills:
 + Level 3.1 Fighting
 * Level 2.1 Axes
 + Level 2.8 Armour
 + Level 0.4 Dodging
 - Level 2.6 Shields


You had one spell level left.
You didn't know any spells.
Your spell library was empty.

Dungeon Overview and Level Annotations

Branches:
Dungeon (1/15)

Altars:


Innate Abilities, Weirdness & Mutations

A weak demonic guardian rushes to your aid.


Message History

Moving in this stuff is going to be slow.
You block the endoplasm's attack.
You hit the endoplasm.
The endoplasm is almost dead.
The endoplasm freezes you.
You are frozen.
You hit the endoplasm.
You kill the endoplasm!
No target in view!
No target in view!
Found a stone staircase leading down.
A goblin comes into view. It is wielding a +0 club.
The goblin shouts!
A rat comes into view.
A hobgoblin and a bat come into view.
The rat squeaks loudly.
Found 9 gold pieces.
The goblin closely misses you. The hobgoblin closely misses you.
You closely miss the bat. You closely miss the goblin.
You hit the hobgoblin but do no damage. The bat hits you but does no damage.
The goblin hits you with a +0 club. You block the hobgoblin's attack.
You slash the bat!
You kill the bat!
You hit the goblin.
You kill the goblin!
You hit the hobgoblin.
You kill the hobgoblin!
The rat barely misses you.
You have reached level 2!
Your demonic ancestry asserts itself...
You feel the presence of a demonic guardian.
You barely miss the rat. The rat bites you but does no damage.
You hit the rat.
You kill the rat!
No target in view!
No target in view!
Saving game... please wait.
Welcome back, mopl the Demonspawn Fighter.
Press ? for a list of commands and other information.
Are you sure you want to abandon this character and quit the game? (Confirm with "yes".)

# # # ### .# ..#####.# #
........#. ######.##.
##.###....#####........$
.#.# .........>†)...#
##.# ###.....#.@†# #.#
#.......#....# #.#
#####.#.#......# #.#
#.#.#.....##
##.#####8####.#.......#
........>.....#.....###
##.#####8####.#.#....
##.# ##### #...≈.#.##
.#.# #...###..≈≈####


There were no monsters in sight!

Vanquished Creatures
  2 endoplasms (D:1)
  2 giant cockroaches (D:1)
  A goblin (D:1)
  A hobgoblin (D:1)
  2 bats (D:1)
  A kobold (D:1)
  A rat (D:1)
10 creatures vanquished.

Notes
Turn   | Place    | Note
-------+----------+-------------------------------------------
     0 | D:1      | mopl the Demonspawn Fighter began the quest for the Orb.
     0 | D:1      | Reached XP level 1. HP: 18/18 MP: 1/1
    92 | D:1      | Reached skill level 2 in Axes
   193 | D:1      | Gained mutation: A weak demonic guardian rushes to your
                  | aid. [demonic ancestry]
   193 | D:1      | Reached XP level 2. HP: 19/24 MP: 2/2
   195 | D:1      | Quit the game

Illustrated notes

Levels and vault maps discovered:
D:1:      lemuel_arrival_cross, layout_basic, serial_rivers,
          chequers_serial_rivers_micro_a, chequers_serial_rivers_large_b,
          chequers_serial_rivers_small_3, chequers_serial_rivers_small_b,
          chequers_serial_rivers_small_b

Skill      XL: |  1 |
---------------+----+-----
Axes           | 2 |  2.1
Fighting       | |  3.1
Armour         | |  2.8
Dodging        | |  0.4
Shields        | |  2.6

Action                     || total
---------------------------++-------
  Melee: War axe           ||    24
 Armour: Scale mail        ||    14
  Dodge: Dodged            ||     8
  Block: Buckler           ||     8

Table legend: (Time is in decaauts)
 A = Elapsed time spent in this place.
 B = Non-inter-level travel time spent in this place.
 C = Inter-level travel time spent in this place.
 D = Time resting spent in this place.
 E = Time spent auto-exploring this place.
 F = Levels seen in this place.
 G = Mean time per level.
                   A        B        C        D        E       F      G
               +--------+--------+--------+--------+--------+-----+--------+
         Total |    205 |    205 |      0 |      0 |    121 |   1 |  205.0 |
       Dungeon |    205 |    205 |      0 |      0 |    121 |   1 |  205.0 |
               +--------+--------+--------+--------+--------+-----+--------+

Top non-repeatable levels by time:
     D:1: 205 daAuts
